[Event "32nd Iranian Women-ch 2022"]
[Site "Kermanshah"]
[Date "2022.03.03"]
[Round "6.3"]
[White "Parvizi, Anita"]
[Black "Heydari, Maryam"]
[Result "1-0"]
[ECO "B77"]
[WhiteElo "1693"]
[BlackElo "1684"]
[Annotator "NA RC"]
[PlyCount "127"]
[EventDate "2022.02.28"]
[EventType "tourn"]
[EventCountry "IRI"]
[SourceTitle "playchess.com"]
[Source "ChessBase"]
[SourceQuality "1"]
[TimeControl "5400+30"]

1. e4 c5 2. Nf3 g6 3. d4 cxd4 4. Nxd4 Nc6 5. Nc3 Bg7 6. Be3 d6 7. Bc4 Nf6 8. f3 O-O 9. Qd2 a6 10. h4 Nxd4 11. Bxd4 b5 12. Bb3 Be6 13. g4 Bxb3 14. axb3 e5 15. Be3 b4 16. Na4 a5 17. h5 d5 18. Bc5 Re8 19. hxg6 fxg6 20. g5 Nh5 21. Qxd5+ Qxd5 22. exd5 e4 23. Kf2 exf3 24. Rhe1 Re2+ 25. Rxe2 fxe2 26. Nb6 Re8 27. d6 Bf8 28. Ke1 Nf4 29. d7 Ng2+ 30. Kd2 Rd8 31. Bxf8 Kxf8 32. Kxe2 Nf4+ 33. Kf3 Ne6 34. Rxa5 Nd4+ 35. Ke4 Nxc2 36. Kd5 Ke7 37. Rc5 Ne3+ 38. Kc6 Nf5 39. Re5+ Kf7 40. Kc7 Rxd7+ 41. Kxd7 Nd4 42. Re3 Nf5 43. Rf3 Kg7 44. Nd5 Nd4 45. Rd3 Nc2 46. Kc6 h5 47. gxh6+ Kxh6 48. Kb5 g5 49. Nxb4 Ne1 50. Rg3 Kh5 51. Nd3 Nc2 52. b4 Kh4 53. Rg1 g4 54. Kc4 Ne3+ 55. Kd4 Nf5+ 56. Ke5 Ne3 57. Ke4 Nc4 58. Kf4 Kh3 59. Rxg4 Nb6 60. Kf3 Kh2 61. b5 Nd5 62. Rb4 Nxb4 63. Nxb4 Kh3 64. b6 1-0

[Event "32nd Iranian Women-ch 2022"]
[Site "Kermanshah"]
[Date "2022.03.04"]
[Round "7.4"]
[White "Heydari, Maryam"]
[Black "Mahdavi, Mahdis"]
[Result "0-1"]
[ECO "A48"]
[WhiteElo "1684"]
[BlackElo "1692"]
[Annotator "NA RC"]
[PlyCount "120"]
[EventDate "2022.02.28"]
[EventType "tourn"]
[EventCountry "IRI"]
[SourceTitle "playchess.com"]
[Source "ChessBase"]
[SourceQuality "1"]
[TimeControl "5400+30"]

1. d4 Nf6 2. Bf4 g6 3. Nf3 Bg7 4. e3 d6 5. h3 O-O 6. Nbd2 Nc6 7. c3 h6 8. Bd3 e5 9. Bh2 Nd7 10. O-O f5 11. Bc4+ Kh7 12. dxe5 Ndxe5 13. Nxe5 Nxe5 14. Bxe5 Bxe5 15. Nf3 Bg7 16. Bb3 Qf6 17. Qd4 Qe7 18. Qd3 Bd7 19. Rfe1 Rae8 20. Rad1 g5 21. Qd5 Bc6 22. Qd3 Be4 23. Qe2 Kh8 24. Nd2 Bc6 25. Qh5 Qf6 26. Qe2 f4 27. e4 Qg6 28. Qd3 h5 29. Bd5 g4 30. Bxc6 bxc6 31. hxg4 hxg4 32. f3 g3 33. Kf1 Re5 34. Ke2 Rh5 35. Rh1 Rh2 36. Qb1 d5 37. Kd3 Kg8 38. Rdg1 c5 39. Qf1 dxe4+ 40. Nxe4 Qa6+ 41. Kc2 Qxf1 42. Rxf1 Rxg2+ 43. Kc1 Rb8 44. Nd2 Rxd2 45. Kxd2 g2 46. Kc2 Re8 47. Kd2 Re3 48. Re1 gxh1=Q 49. Rxh1 Rxf3 50. Rh5 Rf2+ 51. Ke1 Rxb2 52. Rxc5 Rxa2 53. Rxc7 f3 54. c4 f2+ 55. Kf1 Bd4 56. Rc8+ Kf7 57. Rc7+ Ke6 58. Rc6+ Kd7 59. Rg6 Ra1+ 60. Ke2 f1=Q+ 0-1

[Event "32nd Iranian Women-ch 2022"]
[Site "Kermanshah"]
[Date "2022.03.05"]
[Round "9.1"]
[White "Azali, Tannaz"]
[Black "Asgharzadeh, Mitra"]
[Result "1/2-1/2"]
[ECO "E71"]
[WhiteElo "2100"]
[BlackElo "1950"]
[Annotator "NA"]
[PlyCount "168"]
[EventDate "2022.02.28"]
[EventType "tourn"]
[EventCountry "IRI"]
[SourceTitle "playchess.com"]
[Source "ChessBase"]
[SourceQuality "1"]
[TimeControl "5400+30"]

1. d4 Nf6 2. c4 g6 3. Nc3 Bg7 4. e4 d6 5. h3 O-O 6. Be3 Nc6 7. Nge2 a6 8. d5 Ne5 9. Nd4 c5 10. dxc6 Nxc6 11. Qd2 Nxd4 12. Bxd4 Be6 13. b3 Qa5 14. Rd1 Rfc8 15. Nd5 Qxd2+ 16. Rxd2 Bxd5 17. exd5 Nd7 18. Be2 Bxd4 19. Rxd4 a5 20. a4 Nc5 21. Bd1 Ra6 22. Kd2 Rb6 23. Kc3 e5 24. dxe6 fxe6 25. Bc2 d5 26. h4 Rb4 27. Ra1 Nd7 28. Re1 Rc6 29. Re3 Nb6 30. Bd3 dxc4 31. Rd8+ Kg7 32. Bxc4 Nd5+ 33. Kd4 Nxe3 34. Kxe3 Rc7 35. Rd6 Rcxc4 36. bxc4 Kf6 37. Rd7 Rxc4 38. Rxh7 b6 39. Rb7 Rxh4 40. Rxb6 Rxa4 41. Ra6 g5 42. Kf3 Ra1 43. Kg4 Ra2 44. g3 a4 45. Ra5 Rxf2 46. Rxa4 Rf5 47. Ra8 Rb5 48. Rf8+ Kg7 49. Ra8 Rc5 50. Rb8 Ra5 51. Rc8 Kf7 52. Rb8 Ra3 53. Kxg5 Rxg3+ 54. Kf4 Ra3 55. Ke4 Ra1 56. Rb3 Kf6 57. Ke3 Kf5 58. Ke2 Ra2+ 59. Ke1 e5 60. Rc3 Kf4 61. Rb3 e4 62. Rc3 Ra1+ 63. Ke2 Ra2+ 64. Ke1 Ke5 65. Rb3 Kd4 66. Rh3 Ra5 67. Rg3 Rc5 68. Rh3 Rc1+ 69. Ke2 Rc2+ 70. Ke1 Rc7 71. Rg3 Ke5 72. Ra3 Kf4 73. Rb3 Rd7 74. Ra3 Rb7 75. Rc3 Rg7 76. Ra3 Rh7 77. Rb3 Rg7 78. Ra3 Rb7 79. Rc3 Rg7 80. Ra3 e3 81. Ra8 Re7 82. Ke2 Re5 83. Ra3 Rb5 84. Ra4+ Ke5 1/2-1/2

[Event "32nd Iranian Women-ch 2022"]
[Site "Kermanshah"]
[Date "2022.03.05"]
[Round "9.2"]
[White "Mahdian, Anousha"]
[Black "Masoumi, Sahar"]
[Result "1/2-1/2"]
[ECO "D35"]
[WhiteElo "2179"]
[BlackElo "1925"]
[Annotator "NA"]
[PlyCount "51"]
[EventDate "2022.02.28"]
[EventType "tourn"]
[EventCountry "IRI"]
[SourceTitle "playchess.com"]
[Source "ChessBase"]
[SourceQuality "1"]
[TimeControl "5400+30"]

1. d4 d5 2. c4 e6 3. Nc3 Bb4 4. cxd5 exd5 5. Bf4 c5 6. dxc5 Nf6 7. e3 O-O 8. Bd3 Nc6 9. Nge2 Bxc5 10. O-O d4 11. exd4 Nxd4 12. Na4 Nxe2+ 13. Bxe2 Be7 14. Bf3 Qa5 15. Nc3 Qb4 16. Qc1 Be6 17. a3 Qb3 18. Bd1 Qc4 19. Be2 Qb3 20. Bd1 Qc4 21. Be2 Qb3 22. Bd1 Qc4 23. Be2 Qc6 24. Bf3 Qb6 25. Be3 Qc7 26. Nb5 1/2-1/2

[Event "32nd Iranian Women-ch 2022"]
[Site "Kermanshah"]
[Date "2022.03.05"]
[Round "9.3"]
[White "Heydari, Maryam"]
[Black "Zahedifar, Anahita"]
[Result "0-1"]
[ECO "B18"]
[WhiteElo "1684"]
[BlackElo "2213"]
[Annotator "NA"]
[PlyCount "98"]
[EventDate "2022.02.28"]
[EventType "tourn"]
[EventCountry "IRI"]
[SourceTitle "playchess.com"]
[Source "ChessBase"]
[SourceQuality "1"]
[TimeControl "5400+30"]

1. e4 c6 2. Nc3 d5 3. d4 dxe4 4. Nxe4 Bf5 5. Ng3 Bg6 6. Nf3 Nd7 7. Nh4 e6 8. Nxg6 hxg6 9. Bd3 Qc7 10. c3 Ngf6 11. Qf3 Bd6 12. Be3 O-O-O 13. O-O-O Qa5 14. Kb1 Nb6 15. Ne4 Nxe4 16. Bxe4 Rd7 17. Bf4 Bxf4 18. Qxf4 Rhd8 19. Bf3 Qb5 20. Rhe1 Nc4 21. Qc1 Qb6 22. Be2 Nd6 23. Qf4 Ne8 24. Bf3 Nc7 25. h3 a5 26. Qe5 f6 27. Qc5 Qxc5 28. dxc5 Rxd1+ 29. Rxd1 Na6 30. Rxd8+ Kxd8 31. Kc2 Kc7 32. a3 Nxc5 33. b4 axb4 34. axb4 Nd7 35. c4 b6 36. Kc3 g5 37. Be2 Kd6 38. g3 Ne5 39. Bd1 c5 40. b5 f5 41. g4 Ng6 42. Be2 Ke5 43. Bf1 Nf4 44. f3 g6 45. Kc2 Kd4 46. Kd2 e5 47. gxf5 gxf5 48. Be2 Nxe2 49. Kxe2 Kxc4 0-1

[Event "32nd Iranian Women-ch 2022"]
[Site "Kermanshah"]
[Date "2022.03.05"]
[Round "9.4"]
[White "Asadi, Motahare"]
[Black "Paktinat, Zhina"]
[Result "1-0"]
[ECO "B25"]
[WhiteElo "2093"]
[BlackElo "1903"]
[Annotator "NA"]
[PlyCount "93"]
[EventDate "2022.02.28"]
[EventType "tourn"]
[EventCountry "IRI"]
[SourceTitle "playchess.com"]
[Source "ChessBase"]
[SourceQuality "1"]
[TimeControl "5400+30"]

1. e4 c5 2. Nf3 Nc6 3. g3 g6 4. Bg2 Bg7 5. Nc3 d6 6. d3 e5 7. O-O Nge7 8. h4 h6 9. Nh2 Be6 10. Be3 Qd7 11. Qd2 Bh3 12. Ne2 Bxg2 13. Kxg2 O-O-O 14. c3 g5 15. h5 d5 16. Qc2 d4 17. cxd4 cxd4 18. Bd2 f5 19. f3 g4 20. Ng1 gxf3+ 21. Ngxf3 fxe4 22. dxe4 Kb8 23. Qd3 Qe8 24. g4 Bf6 25. b4 Rc8 26. b5 Nd8 27. Nxd4 exd4 28. Rxf6 Ng8 29. Rd6 Ne6 30. e5 Rc3 31. Rxe6 Qxe6 32. Bxc3 dxc3 33. Qd8+ Qc8 34. Qxc8+ Kxc8 35. Rc1 Kd7 36. Rxc3 Ne7 37. Ra3 Ra8 38. Kf3 Ke6 39. Ke4 Rg8 40. Rd3 Nc8 41. Rf3 Nb6 42. Rf6+ Ke7 43. Rxh6 Na4 44. Rh7+ Ke6 45. Rh6+ Ke7 46. Kf5 Rf8+ 47. Rf6 1-0

[Event "32nd Iranian Women-ch 2022"]
[Site "Kermanshah"]
[Date "2022.03.05"]
[Round "9.5"]
[White "Ghomi, Parnian"]
[Black "Mahdavi, Mahdis"]
[Result "1/2-1/2"]
[ECO "B22"]
[WhiteElo "2026"]
[BlackElo "1692"]
[Annotator "NA"]
[PlyCount "67"]
[EventDate "2022.02.28"]
[EventType "tourn"]
[EventCountry "IRI"]
[SourceTitle "playchess.com"]
[Source "ChessBase"]
[SourceQuality "1"]
[TimeControl "5400+30"]

1. e4 c5 2. Nf3 e6 3. c3 Nf6 4. e5 Nd5 5. d4 cxd4 6. cxd4 d6 7. Nc3 Nc6 8. Bd3 dxe5 9. dxe5 Nxc3 10. bxc3 Qa5 11. Qb3 Nxe5 12. Nxe5 Qxe5+ 13. Be3 Bd7 14. O-O Bd6 15. g3 Bc6 16. Rad1 O-O 17. Rfe1 Qf6 18. Bxh7+ Kxh7 19. Rxd6 Qf3 20. Kf1 Rfd8 21. Qb4 Kg8 22. Qf4 Rxd6 23. Qxd6 Qg2+ 24. Ke2 Qxh2 25. Bd4 Qh5+ 26. Kd2 Qa5 27. a3 Bd5 28. Qe5 f6 29. Qd6 e5 30. Rxe5 Rd8 31. Qe6+ Bxe6 32. Rxa5 a6 33. Rc5 Rc8 34. Rh5 1/2-1/2

[Event "32nd Iranian Women-ch 2022"]
[Site "Kermanshah"]
[Date "2022.03.05"]
[Round "9.6"]
[White "Hamedi Nia, Vesal"]
[Black "Parvizi, Anita"]
[Result "1-0"]
[ECO "D85"]
[WhiteElo "1980"]
[BlackElo "1693"]
[Annotator "NA"]
[PlyCount "101"]
[EventDate "2022.02.28"]
[EventType "tourn"]
[EventCountry "IRI"]
[SourceTitle "playchess.com"]
[Source "ChessBase"]
[SourceQuality "1"]
[TimeControl "5400+30"]

1. d4 Nf6 2. c4 g6 3. Nc3 d5 4. cxd5 Nxd5 5. e4 Nxc3 6. bxc3 Bg7 7. Nf3 c5 8. Bc4 Nc6 9. Be3 O-O 10. O-O Bg4 11. dxc5 Bxc3 12. Rc1 Bg7 13. h3 Bxf3 14. Qxf3 Ne5 15. Qe2 Nxc4 16. Qxc4 Qc7 17. Qa4 Rfd8 18. Rfd1 Qc6 19. Qxc6 bxc6 20. Rxd8+ Rxd8 21. Rb1 Bd4 22. Rd1 e5 23. Kf1 Rb8 24. Bxd4 exd4 25. Rxd4 Rb1+ 26. Ke2 Rc1 27. Ra4 Rxc5 28. Rxa7 Rc2+ 29. Ke3 c5 30. a4 c4 31. a5 Ra2 32. a6 c3 33. Ra8+ Kg7 34. a7 c2 35. Kd2 h5 36. h4 Kh7 37. f3 Kg7 38. g4 g5 39. hxg5 h4 40. Rc8 Rxa7 41. Rxc2 Ra3 42. Ke2 Ra5 43. Ke3 Ra3+ 44. Kf4 Ra8 45. Rh2 Rh8 46. Kf5 Rh7 47. Rh3 Rh8 48. e5 Rh7 49. f4 Rh8 50. g6 fxg6+ 51. Kg5 1-0

[Event "32nd Iranian Women-ch 2022"]
[Site "Kermanshah"]
[Date "2022.03.06"]
[Round "10.1"]
[White "Asgharzadeh, Mitra"]
[Black "Parvizi, Anita"]
[Result "1-0"]
[ECO "A08"]
[WhiteElo "1950"]
[BlackElo "1693"]
[Annotator "ChessBase"]
[PlyCount "59"]
[EventDate "2022.02.28"]
[EventType "tourn"]
[EventCountry "IRI"]
[SourceTitle "playchess.com"]
[Source "ChessBase"]
[SourceQuality "1"]
[TimeControl "5400+30"]

1. Nf3 Nf6 2. g3 g6 3. Bg2 d5 4. O-O Bg7 5. d3 c5 6. Nbd2 Nc6 7. e4 O-O 8. Re1 e6 9. c3 b6 10. h4 Bb7 11. e5 Nd7 12. d4 Rc8 13. a3 a5 14. Nf1 b5 15. N1h2 a4 16. Bg5 Qb6 17. Ng4 cxd4 18. cxd4 Na5 19. Qd2 Nb3 20. Qf4 h5 21. Nf6+ Nxf6 22. exf6 Bh8 23. Rad1 Rc4 24. Bh3 Bc8 25. Re5 Na5 26. Bf1 Rc2 27. Bh6 Re8 28. Bd3 Rc7 29. Qg5 Nc4 30. Bxg6 1-0

[Event "32nd Iranian Women-ch 2022"]
[Site "Kermanshah"]
[Date "2022.03.06"]
[Round "10.2"]
[White "Mahdavi, Mahdis"]
[Black "Hamedi Nia, Vesal"]
[Result "0-1"]
[ECO "C47"]
[WhiteElo "1692"]
[BlackElo "1980"]
[Annotator "ChessBase"]
[PlyCount "117"]
[EventDate "2022.02.28"]
[EventType "tourn"]
[EventCountry "IRI"]
[SourceTitle "playchess.com"]
[Source "ChessBase"]
[SourceQuality "1"]
[TimeControl "5400+30"]

1. e4 e5 2. Nf3 Nc6 3. Nc3 Nf6 4. d4 exd4 5. Nxd4 Bb4 6. Nxc6 bxc6 7. Bd3 d5 8. exd5 O-O 9. O-O cxd5 10. h3 Re8 11. Qf3 c6 12. Bf4 Bd6 13. Rad1 Rb8 14. b3 Be6 15. Na4 c5 16. c4 d4 17. Bg5 Bd7 18. Rfe1 Qa5 19. Rf1 Be5 20. Bxf6 Bxf6 21. Qh5 g6 22. Qxc5 Qa6 23. Qa3 Bc6 24. Rfe1 Qa5 25. Rxe8+ Rxe8 26. Qd6 Re6 27. Qf4 Re1+ 28. Rxe1 Qxe1+ 29. Bf1 Be5 30. Qh4 Be4 31. Nc5 Bf5 32. Qd8+ Kg7 33. Qd5 Bc2 34. Nd7 f6 35. Nc5 Kh6 36. Qd7 Bf5 37. Qd5 Qb1 38. a3 Qa1 39. b4 Qxa3 40. b5 Qc1 41. Qf3 Bd6 42. Nb3 Qb2 43. Qd1 Bc2 44. Qd2+ g5 45. Nxd4 Bb4 46. Qe3 Bg6 47. h4 Qb1 48. hxg5+ fxg5 49. Ne6 Qf5 50. Bd3 Qg4 51. f3 Qh4 52. Qe5 Qe1+ 53. Qxe1 Bxe1 54. c5 Bxd3 55. b6 axb6 56. cxb6 Bg3 57. b7 Ba6 58. Nc5 Bb5 59. Ne6 0-1

[Event "32nd Iranian Women-ch 2022"]
[Site "Kermanshah"]
[Date "2022.03.06"]
[Round "10.3"]
[White "Paktinat, Zhina"]
[Black "Ghomi, Parnian"]
[Result "1/2-1/2"]
[ECO "B13"]
[WhiteElo "1903"]
[BlackElo "2026"]
[Annotator "NA"]
[PlyCount "133"]
[EventDate "2022.02.28"]
[EventType "tourn"]
[EventCountry "IRI"]
[SourceTitle "playchess.com"]
[Source "ChessBase"]
[SourceQuality "1"]
[TimeControl "5400+30"]

1. d4 d5 2. Bf4 Nf6 3. e3 c5 4. c3 Nc6 5. Nf3 cxd4 6. exd4 Bf5 7. Bd3 Bxd3 8. Qxd3 Qd7 9. Nbd2 e6 10. O-O Be7 11. h3 O-O 12. Ne5 Nxe5 13. Bxe5 Ne8 14. Rfe1 f6 15. Bg3 g6 16. Nb3 Rc8 17. Qe2 Ng7 18. Nc1 Rfe8 19. Nd3 Bf8 20. Qf3 Qf7 21. Re2 Nf5 22. Rae1 Nxg3 23. Qxg3 Re7 24. Qg4 Rce8 25. f4 b6 26. h4 h5 27. Qh3 Bg7 28. g3 a5 29. Kg2 Kh7 30. a3 Kg8 $11 31. Kh2 Kh7 32. Kg2 Kh8 33. g4 hxg4 34. Qxg4 f5 35. Qf3 Bf6 36. Rh1 Kg7 37. Kf1 Rh8 38. Reh2 Rh5 $14 39. Rg1 Kf8 40. Rhg2 Rh6 41. Qg3 Qh7 42. h5 gxh5 43. Qg8+ Qxg8 44. Rxg8+ Kf7 45. Ne5+ Bxe5 46. dxe5 Rh7 47. Rb8 h4 48. Rgg8 Rg7 49. Rh8 Rg6 50. Rxh4 d4 51. cxd4 Rd7 52. Rh7+ Rg7 53. Rxg7+ Kxg7 54. Rxb6 Rxd4 55. Rxe6 Rxf4+ 56. Ke2 Kf7 57. Rf6+ Ke7 58. Kd3 a4 59. Kc3 Rf2 60. Ra6 Rf4 61. Rf6 Rf2 62. Kb4 Rxb2+ 63. Kxa4 Rf2 64. Kb5 f4 65. a4 f3 66. Ka6 Ra2 67. Rxf3 1/2-1/2

[Event "32nd Iranian Women-ch 2022"]
[Site "Kermanshah"]
[Date "2022.03.06"]
[Round "10.4"]
[White "Zahedifar, Anahita"]
[Black "Asadi, Motahare"]
[Result "1-0"]
[ECO "A37"]
[WhiteElo "2213"]
[BlackElo "2093"]
[Annotator "ChessBase"]
[PlyCount "39"]
[EventDate "2022.02.28"]
[EventType "tourn"]
[EventCountry "IRI"]
[SourceTitle "playchess.com"]
[Source "ChessBase"]
[SourceQuality "1"]
[TimeControl "5400+30"]

1. Nf3 c5 2. c4 g6 3. Nc3 Bg7 4. g3 Nc6 5. Bg2 d6 6. O-O e6 7. e3 Nge7 8. a3 O-O 9. Rb1 d5 10. b4 cxb4 11. axb4 dxc4 12. b5 Na5 13. Ba3 Re8 14. Ne4 Qd3 15. Nd6 Qxa3 16. Nxe8 Bd7 17. Nxg7 Kxg7 18. Ra1 Qb4 19. Ra4 Qxb5 20. Qa1+ 1-0

[Event "32nd Iranian Women-ch 2022"]
[Site "Kermanshah"]
[Date "2022.03.06"]
[Round "10.5"]
[White "Masoumi, Sahar"]
[Black "Heydari, Maryam"]
[Result "1-0"]
[ECO "A59"]
[WhiteElo "1925"]
[BlackElo "1684"]
[Annotator "ChessBase"]
[PlyCount "85"]
[EventDate "2022.02.28"]
[EventType "tourn"]
[EventCountry "IRI"]
[SourceTitle "playchess.com"]
[Source "ChessBase"]
[SourceQuality "1"]
[TimeControl "5400+30"]

1. d4 Nf6 2. c4 c5 3. d5 b5 4. cxb5 a6 5. bxa6 Bxa6 6. Nc3 d6 7. e4 Bxf1 8. Kxf1 Nbd7 9. Nf3 g6 10. g3 Bg7 11. Kg2 O-O 12. Qc2 Qb6 13. a4 Rfb8 14. Nb5 Ne8 15. Be3 Nc7 16. Nxc7 Qxc7 17. Rhb1 Qb7 18. Ra3 Qa6 19. Nd2 Rb4 20. b3 Bd4 21. Nc4 Bxe3 22. Nxe3 Rab8 23. Raa1 Qb7 24. Nc4 Nb6 25. Na5 Qa6 26. Nc6 Nc8 27. Nxb8 Rxb8 28. a5 Rb4 29. Rd1 Na7 30. e5 Nb5 31. exd6 exd6 32. Qd3 Rd4 33. Qe2 Qb7 34. Qe8+ Kg7 35. Qc6 Qe7 36. Qxb5 Qe4+ 37. Kg1 Rb4 38. Qd3 Qe5 39. a6 Rd4 40. Qxd4 cxd4 41. a7 Qxd5 42. a8=Q Qxb3 43. Qa4 1-0

[Event "32nd Iranian Women-ch 2022"]
[Site "Kermanshah"]
[Date "2022.03.06"]
[Round "10.6"]
[White "Azali, Tannaz"]
[Black "Mahdian, Anousha"]
[Result "0-1"]
[ECO "D43"]
[WhiteElo "2100"]
[BlackElo "2179"]
[Annotator "NA"]
[PlyCount "104"]
[EventDate "2022.02.28"]
[EventType "tourn"]
[EventCountry "IRI"]
[SourceTitle "playchess.com"]
[Source "ChessBase"]
[SourceQuality "1"]
[TimeControl "5400+30"]

1. d4 d5 2. c4 e6 3. Nc3 c6 4. Nf3 Nf6 5. Bg5 h6 6. Bxf6 Qxf6 7. e3 Nd7 8. Bd3 dxc4 9. Bxc4 g6 10. O-O Bg7 11. a4 a5 12. Qb3 Qe7 13. e4 e5 14. dxe5 Nc5 15. Qd1 Bg4 16. h3 Rd8 17. Qe2 Bxf3 18. Qxf3 Bxe5 19. Rad1 O-O 20. b3 b6 21. Rxd8 Rxd8 22. Ne2 Kg7 23. g3 Rd6 24. Re1 Qd7 25. Kg2 Ne6 26. Bxe6 Qxe6 27. Qe3 c5 28. Nf4 Bxf4 29. gxf4 Rd4 30. f3 Qd7 31. Qc3 Kh7 32. Re2 Qd6 33. e5 Qd5 34. Re4 Rxe4 35. fxe4 Qxe4+ 36. Qf3 Qc2+ 37. Kg3 h5 38. Qd5 Qf5 39. Qd8 Qe6 (39... Qe4 $19 {is more deadly.} 40. Qd2 Kg7) 40. Qd3 Kg7 $17 41. Qc3 Kf8 42. Qf3 Kg7 43. Qc3 Kh6 44. Qd3 Kh7 45. Qc3 Qf5 46. Qe3 Kh6 47. Qc3 h4+ 48. Kg2 Qxf4 49. Qe1 Qg3+ 50. Qxg3 hxg3 51. h4 g5 52. Kxg3 Kh5 0-1

[Event "32nd Iranian Women-ch 2022"]
[Site "Kermanshah"]
[Date "2022.03.07"]
[Round "11.6"]
[White "Parvizi, Anita"]
[Black "Mahdavi, Mahdis"]
[Result "1/2-1/2"]
[ECO "B07"]
[WhiteElo "1693"]
[BlackElo "1692"]
[Annotator "NA RC"]
[PlyCount "27"]
[EventDate "2022.02.28"]
[EventType "tourn"]
[EventCountry "IRI"]
[SourceTitle "playchess.com"]
[Source "ChessBase"]
[SourceQuality "1"]
[TimeControl "5400+30"]

1. d4 Nf6 2. Nf3 g6 3. Nbd2 Bg7 4. e4 d6 5. Bb5+ Nbd7 6. e5 Nh5 7. e6 fxe6 8. Ng5 c6 9. Nxe6 Qa5 10. b4 Qxb4 11. Nc7+ Kd8 12. Ne6+ Ke8 13. Nc7+ Kd8 14. Ne6+ 1/2-1/2